 Dungeon Crawl Stone Soup version 0.20-a0-315-g8346a86 (webtiles) character file.

28014 Kidiri the Thaumaturge (level 13, -13/73 HPs)
             Began as a Deep Elf Fire Elementalist on Dec 20, 2016.
             Was a High Priest of Vehumet.
             Killed from afar by a molten gargoyle (27 damage)
             ... with a bolt of magma
             ... in a volcano.
             The game lasted 01:11:05 (16010 turns).

Kidiri the Thaumaturge (DEFE)                      Turns: 16010, Time: 01:11:06

Health: -13/73     AC: 13    Str:  5    XL:     13   Next: 7%
Magic:  1/32       EV: 19    Int: 28    God:    Vehumet [*****.]
Gold:   844        SH:  0    Dex: 19    Spells: 9/38 levels left

rFire  . . .     SeeInvis .     E - +5 short sword of Joyful Slaughter {flame, *Noise Dex+4}
rCold  . . .     Gourm    .     I - +1 robe {MR+}
rNeg   . . .     Faith    .     (no shield)
rPois  .         Spirit   .     y - +2 helmet
rElec  .         Reflect  .     (no cloak)
rCorr  .         Harm     .     H - +0 pair of gloves
MR     +++..     Rnd*Rage +     g - +2 pair of boots
Stlth  ++++...... Rnd*Tele +    u - amulet of regeneration
                                J - ring of teleportation
                                h - +2 ring of intelligence

@: no status effects
A: icy blue scales 1, thin skeletal structure 1, camouflage 1, berserk 1, clumsy
1, magic resistance 1, subdued magic 1
a: Renounce Religion


You were in a volcano.
You worshipped Vehumet.
Vehumet was extremely pleased with you.
You were not hungry.

You visited 3 branches of the dungeon, and saw 14 of its levels.
You also visited: Ossuary and Volcano.

You collected 1068 gold pieces.
You spent 224 gold pieces at shops.

Inventory:

Hand Weapons
 E - the +5 short sword of Joyful Slaughter (weapon) {flame, *Noise Dex+4}
   (You bought it in a shop on level 7 of the Dungeon)

   It has been specially enchanted to burn those struck by it, causing extra
   injury to most foes and up to half again as much damage against particularly
   susceptible opponents.
   It affects your dexterity (+4).
   It may make noises in combat.
Armour
 a - a +0 hat of see invisible
 d - +0 steam dragon scales
 g - a +2 pair of boots (worn)
 y - a +2 helmet (worn)
 H - a +0 pair of gloves (worn)
 I - a +1 robe of magic resistance (worn)
Jewellery
 h - a +2 ring of intelligence (left hand)
 k - a +4 ring of protection
 n - an uncursed ring of poison resistance
 u - an amulet of regeneration (around neck)
 A - an uncursed ring of resist corrosion
 J - a ring of teleportation (right hand)
Wands
 b - a wand of lightning (11/15)
 D - a wand of polymorph (10/24)
Scrolls
 f - 4 scrolls of amnesia
 o - 7 scrolls of remove curse
 r - a scroll of immolation
 v - 3 scrolls of teleportation
 w - 6 scrolls of recharging
Potions
 i - 5 potions of flight
 j - a potion of invisibility
 l - 7 potions of brilliance {unknown}
 p - 5 potions of haste
 s - 4 potions of curing
 t - 2 potions of agility
 z - 3 potions of might
 B - a potion of ambrosia
 C - a potion of cure mutation
Comestibles
 c - 12 bread rations
 m - 5 chunks of flesh
 G - 2 meat rations


   Skills:
 + Level 5.5 Fighting
 + Level 6.8 Short Blades
 + Level 5.8 Armour
 + Level 8.4 Dodging
 - Level 2.4 Stealth
 * Level 13.2 Spellcasting
 + Level 8.9 Conjurations
 + Level 9.2 Fire Magic
 + Level 5.8 Ice Magic
 + Level 6.4 Air Magic
 + Level 4.0 Evocations


You had 9 spell levels left.
You knew the following spells:

 Your Spells              Type           Power        Failure   Level  Hunger
a - Flame Tongue          Conj/Fire      #####        1%          1    None
b - Throw Flame           Conj/Fire      ######       1%          2    None
c - Conjure Flame         Conj/Fire      ######..     1%          3    None
d - Inner Flame           Hex/Fire       ####....     1%          3    None
e - Sticky Flame          Conj/Fire      ######..     1%          4    None
f - Fireball              Conj/Fire      ######....   1%          5    ##.....
g - Shock                 Conj/Air       ####         1%          1    None
h - Conjure Ball Lightni  Conj/Air       #####.....   4%          6    ####...
i - Throw Icicle          Conj/Ice       #####...     1%          4    None


Dungeon Overview and Level Annotations

Branches:
Dungeon (9/15)             Temple (1/1) D:4            Lair (4/6) D:9
 Shoals (0/4) Lair:2       Spider (0/4) Lair:2
    Orc: D:9-12

Altars:
Ashenzari
Cheibriados
Dithmenos
Elyvilon
Fedhas
Gozag
Hepliaklqana
Kikubaaqudgha
Makhleb
Nemelex Xobeh
Okawaru
Qazlal
Ru
Sif Muna
Trog
Uskayaw
Vehumet
Xom
Yredelemnul
Zin
The Shining One
Beogh

Shops:
D:7 (   D:9 :

Annotations:
Lair:4 Harold


Innate Abilities, Weirdness & Mutations

You are partially covered in icy blue scales. (AC +2)
You have a somewhat thin skeletal structure. (Dex +2, Stealth)
Your skin changes colour to match your surroundings (Stealth+).
You tend to lose your temper in combat.
You are clumsy. (Dex -2)
You are resistant to hostile enchantments. (MR+)
Your spells are a little easier to cast, but a little less powerful.


Message History

Aiming: Throw Icicle
Press: ? - help, Shift-Dir - straight line, f - molten gargoyle
Aim: a molten gargoyle, wielding a flail The shard of ice hits the molten gargoyle.
The molten gargoyle is moderately damaged.
The molten gargoyle blasts magma at you!
The bolt of magma hits you!
Casting: Throw Icicle
Confirm with . or Enter, or press ? or * to list all spells.
Aiming: Throw Icicle
Press: ? - help, Shift-Dir - straight line, f/p - molten gargoyle
Aim: a molten gargoyle, wielding a flail (moderately damaged)
The shard of ice misses the molten gargoyle.
The molten gargoyle blasts magma at you!
The bolt of magma hits you!
* * * LOW HITPOINT WARNING * * *
You feel better.
The molten gargoyle blasts magma at you!
The bolt of magma hits you!
You die...

≈§≈§≈§≈≈≈§§≈≈§≈≈§≈§§≈§≈§≈≈§§≈§≈§≈
§§≈≈≈§≈≈≈≈≈≈≈≈§§§≈§§≈≈≈≈.≈§≈≈§§≈≈
§≈§≈≈≈≈≈≈.§.§§.≈§≈≈.≈.≈≈.≈≈≈≈≈≈§≈
§≈≈≈§≈.......)............≈§§§≈≈≈
§≈≈≈§§≈.########+########.≈§≈§≈§≈
§≈§≈≈≈..# #.# #..≈≈≈§§≈ ≈≈≈§≈...#
#.# #..≈≈≈≈§≈ ≈≈≈..§..# #.#
#§§§≈§§≈§ ≈.§≈≈≈≈.# #@# #§§§§≈§§§
.≈§§≈≈..######.#.#.######.§§§§§§§
§≈≈§≈≈§.#......#.#......#.§≈§§≈≈§
§≈≈§≈≈..###++###%###++###§≈§≈≈≈≈≈
≈≈≈≈≈§..# #..9..# #..§§§§≈≈
≈≈§≈§§§.# #.8_8.# #.≈§≈≈≈§§
≈§≈≈§≈..# .'.....'. #..≈≈≈§≈≈
§≈≈≈≈≈≈.#################.≈≈≈§§≈≈
§§§≈§§.§........§§........≈≈≈§§§≈


You could see a molten gargoyle.

Vanquished Creatures
  Gastronok (Lair:2)
  3 hydras
  Erica (D:9)
  6 two-headed ogres
  Nergalle (Lair:1)
  An ugly thing (D:8)
  A manticore (Lair:2)
  3 black mambas
  A gargoyle (Volcano)
  7 spiny frogs
  4 komodo dragons
  2 trolls (D:9)
  Grinder (D:4)
  3 blink frogs (Lair:3)
  2 hippogriffs
  4 wyverns
  8 fire bats (Volcano)
  2 basilisks
  20 yaks
  A steam dragon (Volcano)
  Edmund (D:6)
  A water moccasin (D:9)
  6 porcupines
  2 hell hounds (Lair:4)
  2 sky beasts
  An eye of draining (D:8)
  4 orc warriors (D:8)
  2 ice beasts
  4 ogres
  2 phantoms
  7 wolves
  3 centaurs
  10 crocodiles
  2 big kobolds
  11 bullfrogs
  2 scorpions
  12 killer bees
  5 howler monkeys
  3 electric eels (D:9)
  2 crimson imps
  9 lava snakes (Volcano)
  7 orc priests
  3 jellies
  4 orc wizards
  9 hounds
  A bullfrog skeleton (D:4)
  Jessica (D:2)
  2 iguanas
  7 worker ants
  8 mummies (Ossuary)
  A hound skeleton (D:8)
  A worker ant zombie (D:6)
  2 howler monkey skeletons
  7 adders
  10 gnolls
  A shadow imp (D:6)
  2 oozes (D:2)
  6 worms
  2 dart slugs
  3 leopard geckos
  46 orcs
  2 ball pythons
  4 giant cockroaches
  A gnoll zombie (Ossuary)
  14 goblins
  9 hobgoblins
  8 jackals
  20 kobolds
  8 quokkas
  5 bats
  5 frilled lizards
  3 hobgoblin zombies (Ossuary)
  A jackal skeleton (D:4)
  4 orc zombies (Ossuary)
  A quokka skeleton (D:8)
  5 rats
376 creatures vanquished.

Vanquished Creatures (others)
  A hell hog (Volcano)
  2 fungi
  2 plants
5 creatures vanquished.

Grand Total: 381 creatures vanquished

Notes
Turn   | Place    | Note
-------+----------+-------------------------------------------
     0 | D:1      | Kidiri the Deep Elf Fire Elementalist began the quest for the Orb.
     0 | D:1      | Reached XP level 1. HP: 10/10 MP: 6/6
   223 | D:1      | Reached XP level 2. HP: 15/15 MP: 1/8
   227 | D:1      | Learned a level 2 spell: Throw Flame
   793 | D:2      | Noticed Jessica
  1117 | D:2      | Reached XP level 3. HP: 13/19 MP: 1/10
  1122 | D:2      | Learned a level 3 spell: Conjure Flame
  1131 | D:2      | Reached skill level 4 in Spellcasting
  1269 | D:2      | Learned a level 3 spell: Inner Flame
  1689 | D:2      | Killed Jessica
  1689 | D:2      | Reached XP level 4. HP: 24/24 MP: 9/12
  2905 | D:4      | Reached skill level 5 in Spellcasting
  2905 | D:4      | Reached XP level 5. HP: 25/28 MP: 10/14
  2913 | D:4      | Learned a level 4 spell: Sticky Flame
  3341 | D:4      | Found a hazy altar of Hepliaklqana.
  3522 | D:4      | Found a staircase to the Ecumenical Temple.
  3530 | Temple   | Entered the Ecumenical Temple
  3738 | Temple   | Became a worshipper of Vehumet
  3883 | D:4      | Reached XP level 6. HP: 28/32 MP: 13/16
  3965 | D:4      | Noticed Grinder
  3973 | D:4      | Reached skill level 6 in Spellcasting
  3976 | D:4      | Killed Grinder
  3976 | D:4      | Reached skill level 1 in Short Blades
  3976 | D:4      | Reached skill level 1 in Armour
  3976 | D:4      | Reached skill level 5 in Fire Magic
  4180 | D:4      | Learned a level 5 spell: Fireball
  4286 | D:4      | Reached skill level 1 in Fighting
  4286 | D:4      | Reached XP level 7. HP: 38/38 MP: 12/18
  4390 | D:5      | Entered Level 5 of the Dungeon
  4761 | D:5      | Found a white marble altar of Elyvilon.
  4924 | D:5      | Found a stormy altar of Qazlal.
  4933 | D:5      | Reached skill level 7 in Spellcasting
  5076 | D:5      | Reached * piety under Vehumet
  5076 | D:5      | Offered knowledge of Shock by Vehumet.
  5080 | D:5      | Learned a level 1 spell: Shock
  5269 | D:5      | Found a glowing golden altar of the Shining One.
  5651 | D:6      | Found a hide-covered altar of Uskayaw.
  5808 | D:6      | Reached XP level 8. HP: 44/44 MP: 11/20
  5831 | D:6      | Noticed Edmund
  5845 | D:6      | Killed Edmund
  5963 | D:6      | Found a sand-covered staircase.
  5970 | Ossuary  | Entered an ossuary
  5997 | Ossuary  | Reached skill level 1 in Air Magic
  6486 | D:6      | Offered knowledge of Magic Dart by Vehumet.
  6493 | D:6      | Reached ** piety under Vehumet
  6500 | D:6      | Reached skill level 5 in Conjurations
  6754 | D:6      | Reached skill level 8 in Spellcasting
  7052 | D:7      | Got a polished war axe
  7053 | D:7      | Identified the +7 war axe "Dunimysch" {chop, *Rage rN++} (You found it on level 7 of the Dungeon)
  7187 | D:7      | Gained mutation: Your spells are a little easier to cast, but a little less powerful. [mutagenic meat]
  7188 | D:7      | Gained mutation: You have large cloven feet. [mutagenic meat]
  7189 | D:7      | Gained mutation: You have a somewhat thin skeletal structure. (Dex +2, Stealth) [mutagenic meat]
  7191 | D:7      | Gained mutation: Your muscles are strong. (Str +2) [mutagenic meat]
  7192 | D:7      | Lost mutation: Your muscles are strong. (Str +2) [mutagenic meat]
  7226 | D:7      | Reached XP level 9. HP: 42/49 MP: 20/23
  7268 | D:7      | Found Tealakom's Antique Weapon Boutique.
  7272 | D:7      | Bought a shimmering short sword for 224 gold pieces
  7272 | D:7      | Identified the +5 short sword of Joyful Slaughter {flame, *Noise Dex+4} (You bought it in a shop on level 7 of the Dungeon)
  7972 | D:7      | Found a shimmering altar of Xom.
  7974 | D:7      | Found a shattered altar of Ashenzari.
  7974 | D:7      | Found a shadowy altar of Dithmenos.
  7976 | D:7      | Found an ancient bone altar of Kikubaaqudgha.
  7976 | D:7      | Found a shimmering altar of Xom.
  7976 | D:7      | Found an opulent altar of Gozag.
  8023 | D:7      | Reached skill level 5 in Dodging
  8154 | D:8      | Noticed a two-headed ogre
  8165 | D:8      | Noticed a two-headed ogre
  8166 | D:8      | Killed a two-headed ogre
  8166 | D:8      | Reached skill level 9 in Spellcasting
  8173 | D:8      | Killed a two-headed ogre
  8173 | D:8      | Noticed a brown ugly thing
  8174 | D:8      | Offered knowledge of Throw Frost by Vehumet.
  8176 | D:8      | Reached XP level 10. HP: 32/56 MP: 12/25
  8180 | D:8      | Killed a brown ugly thing
  8209 | D:7      | Gained mutation: You are partially covered in icy blue scales. (AC +2) [mutagenic meat]
  8210 | D:7      | Gained mutation: You tend to lose your temper in combat. [mutagenic meat]
  8304 | D:7      | Learned a level 2 spell: Throw Frost
  8311 | D:8      | Reached skill level 10 in Spellcasting
  8346 | D:8      | Gained mutation: You are clumsy. (Dex -2) [mutagenic meat]
  8524 | D:8      | Reached *** piety under Vehumet
  8715 | D:8      | Reached skill level 1 in Ice Magic
  9217 | D:8      | Found a deep blue altar of Sif Muna.
  9293 | D:8      | Noticed a two-headed ogre
  9305 | D:8      | Killed a two-headed ogre
  9305 | D:8      | Offered knowledge of Throw Icicle by Vehumet.
  9314 | D:8      | Learned a level 4 spell: Throw Icicle
  9442 | D:8      | Found a roughly hewn altar of Beogh.
  9898 | D:9      | Found Kaphoo Ewna's Book Emporium.
  9969 | D:9      | Reached **** piety under Vehumet
 10189 | D:9      | Found a staircase to the Lair.
 10249 | D:9      | Noticed a two-headed ogre
 10258 | D:9      | Killed a two-headed ogre
 10258 | D:9      | Reached skill level 5 in Short Blades
 10258 | D:9      | Reached XP level 11. HP: 62/62 MP: 18/27
 10294 | D:9      | Found an iron altar of Okawaru.
 10323 | D:9      | Noticed a two-headed ogre
 10336 | D:9      | Killed a two-headed ogre
 10336 | D:9      | Reached skill level 11 in Spellcasting
 10517 | D:9      | Offered knowledge of Bolt of Draining by Vehumet.
 10583 | D:9      | Noticed Erica
 10589 | D:9      | Killed Erica
 10613 | D:9      | Noticed a two-headed ogre
 10629 | D:9      | Killed a two-headed ogre
 11213 | Lair:1   | Entered Level 1 of the Lair of Beasts
 11267 | Lair:1   | Identified a +0 rod of shadows (13/13) (You found it on level 8 of the Dungeon)
 11376 | Lair:1   | Reached skill level 1 in Evocations
 11449 | Lair:1   | Noticed Nergalle
 11460 | Lair:1   | Reached skill level 5 in Air Magic
 11521 | Lair:1   | Noticed a four-headed hydra
 11900 | Lair:1   | Reached skill level 5 in Armour
 12101 | Lair:1   | Killed Nergalle
 12101 | Lair:1   | Reached skill level 12 in Spellcasting
 12215 | Lair:1   | Killed a four-headed hydra
 12215 | Lair:1   | Reached skill level 5 in Fighting
 12215 | Lair:1   | Reached XP level 12. HP: 44/68 MP: 30/30
 12703 | Lair:2   | Noticed Gastronok
 12786 | Lair:2   | Killed Gastronok
 12833 | Lair:2   | Found a hole to the Spider Nest.
 12845 | Lair:2   | Found a staircase to the Shoals.
 12866 | Lair:2   | Reached skill level 5 in Ice Magic
 13074 | Lair:2   | Lost mutation: You have large cloven feet. [potion of mutation]
 13074 | Lair:2   | Gained mutation: Your skin changes colour to match your surroundings (Stealth+). [potion of mutation]
 13754 | Lair:3   | Reached ***** piety under Vehumet
 13754 | Lair:3   | Offered knowledge of Conjure Ball Lightning by Vehumet.
 13764 | Lair:3   | Learned a level 6 spell: Conjure Ball Lightning
 14455 | Lair:4   | Noticed an eight-headed hydra
 14501 | Lair:4   | Killed an eight-headed hydra
 14536 | Lair:4   | Noticed a four-headed hydra
 14559 | Lair:4   | Killed a four-headed hydra
 14559 | Lair:4   | Reached skill level 13 in Spellcasting
 14593 | Lair:4   | Noticed Harold
 14766 | Lair:4   | HP: 2/68 [Harold/battleaxe (11)]
 15007 | Lair:4   | Gained mutation: You are resistant to hostile enchantments. (MR+) [potion of mutation]
 15157 | Lair:4   | Found a dark tunnel.
 15171 | Volcano  | Entered a volcano
 15663 | Volcano  | Found a bloodstained altar of Trog.
 15663 | Volcano  | Noticed a hell hog
 15759 | Volcano  | Reached XP level 13. HP: 73/73 MP: 19/32
 15774 | Volcano  | HP: 3/73 [hell hog (4)]
 16009 | Volcano  | HP: 2/73 [molten gargoyle/bolt of magma (25)]
 16010 | Volcano  | Killed from afar by a molten gargoyle

Vault maps used:
D:1:      dpeg_arrival_round_c
D:2:      uniq_jessica
D:3:      serial_glass, glass_columns_a, glass_columns_b, st_stairs_9,
          hangedman_feature_mirror
D:4:      overflow_temple_1_default, uniq_grinder
D:5:      lemuel_crystal_altar, nicolae_overflow_crystal_walls,
          overflow_temple_1_default, first_bread
D:6:      nicolae_overflow_hidden_temple, lightli_ossuary_entry_decrepit_ruins,
          uniq_edmund
D:7:      doesnt_xom_only_xom, serial_shops, shop
D:8:      led_sif_pool, special_room
D:9:      kennysheep_okawaru_gauntlet, erik_lair_island, serial_shops,
          nicolae_shop_stone, uniq_erica
Temple:   nicolae_temple_figure_eight
Lair:1:   grunt_megastairs_5, uniq_nergalle
Lair:2:   minmay_shoals_entry_beasts, dummy_spider_entry, uniq_gastronok
Lair:3:   infiniplex_staircase_pool, serial_bayou_shore_b
Lair:4:   enter_volcano_3, uniq_harold
Ossuary:  ossuary_tomb_3
Volcano:  volcano_lake

Skill      XL: |  1  2  3  4  5  6  7  8  9 10 11 12 13 |
---------------+----------------------------------------+-----
Spellcasting   | 4 5 6 7 8 9 10 12 13 | 13.2
Fire Magic     | 4 5 6 7 8 9 |  9.2
Conjurations   | 2 3 4 5 6 7 8 |  8.9
Short Blades   | 1 2 4 5 6 |  6.8
Armour         | 1 2 3 4 5 |  5.8
Fighting       | 1 2 3 4 5 |  5.5
Dodging        | 3 4 5 6 7 8 |  8.4
Air Magic      | 2 3 4 5 6 |  6.4
Ice Magic      | 2 4 5 |  5.8
Evocations     | 2 3 4 |  4.0
Stealth        | |  2.4

Action                   |  1- 3 |  4- 6 |  7- 9 | 10-12 | 13-15 || total
-------------------------+-------+-------+-------+-------+-------++-------
Melee: Dagger            |    25 |     8 |    23 |       |       ||    56
       Short sword       |       |       |       |    70 |     2 ||    72
 Cast: Flame Tongue      |    52 |    76 |   122 |   214 |       ||   464
       Throw Flame       |     9 |    25 |    56 |    79 |       ||   169
       Inner Flame       |       |     2 |     6 |     9 |       ||    17
       Conjure Flame     |       |     2 |     9 |     8 |     1 ||    20
       Sticky Flame      |       |     3 |    23 |    84 |     1 ||   111
       Shock             |       |       |     6 |    26 |       ||    32
       Throw Icicle      |       |       |       |    46 |    17 ||    63
       Fireball          |       |       |       |     5 |       ||     5
Evoke: Wand              |       |       |       |       |     1 ||     1
  Use: Scroll            |     4 |    13 |     7 |    15 |     1 ||    40
       Potion            |       |       |     3 |     8 |     4 ||    15
 Stab: Sleeping          |     2 |     4 |     6 |    14 |       ||    26
  Eat: Chunk             |     2 |       |     9 |    16 |       ||    27
       Meat ration       |       |     3 |     1 |     1 |       ||     5
       Fruit             |       |       |       |     2 |       ||     2
       Bread ration      |       |       |       |     1 |       ||     1
       Royal jelly       |       |       |       |     1 |       ||     1
       Pizza             |       |       |       |     1 |       ||     1
Armor: Robe              |     9 |     3 |    19 |    47 |     4 ||    82
Dodge: Dodged            |    28 |    24 |    51 |   243 |    17 ||   363
